Map: 나이트쉐이드 - 래더

Players

Cure

  • Race: Terran Terran
  • Spawn Location: 5:00

Hurricane - Winner!

  • Race: Protoss Protoss
  • Spawn Location: 11:00

Event: IEM Katowice 2020

VOD

Have the link to the VOD?

Description

Time

  • Played on: Feb. 28, 2020, 9:56 a.m.
  • Length: 10:27

All games in this series

Show
View Real Time Build Order
Export as new Build Order

Cure Terran 

Build Orders: Gas First Reaper Expand 

Get SALT Encoding   

  12  0:00  SCV  
  13  0:12  SCV  
  14  0:17  Supply Depot  
  14  0:25  SCV  
  14  0:27  Refinery  
  15  0:39  SCV  
  16  0:44  Barracks  
  16  0:51  SCV  
  17  1:03  SCV  
  18  1:15  SCV  
  19  1:31  Orbital Command  
  19  1:32  Reaper  
  20  1:42  Command Center  
  20  1:54  Factory  
  20  1:57  SCV  
  21  2:05  Barracks Reactor  
  21  2:09  SCV  
  21  2:14  Supply Depot  
  22  2:22  SCV  
  23  2:23  Barracks  
  23  2:36  SCV  
  24  2:37  Refinery  
  24  2:40  Hellion  
  24  2:42  Marine  
  24  2:43  Marine  
  28  2:48  SCV  
  29  2:54  Orbital Command  
  29  3:00  SCV  
  29  3:01  Marine x2  
  29  3:04  Factory Tech Lab  
  32  3:12  SCV  
  33  3:21  SCV, Barracks Tech Lab  
  33  3:22  Siege Tank  
  33  3:24  SCV  
  38  3:27  Marine x2  
  38  3:32  Supply Depot  
  40  3:37  SCV x2  
  40  3:39  Marine  
  43  3:48  Stimpack  
  43  3:49  SCV x2  
  43  3:53  Marine x2  
  43  3:55  Supply Depot  
  47  3:57  Marine  
  47  4:00  Factory Reactor  
  47  4:01  SCV x2  
  50  4:03  Barracks  
  50  4:09  Supply Depot  
  50  4:13  SCV  
  50  4:14  SCV, Marine x2  
  50  4:16  Marine  
  55  4:19  Engineering Bay  
  55  4:26  SCV x2  
  57  4:32  Marine x2, Supply Depot  
  57  4:34  Marine  
  57  4:38  SCV x2  
  62  4:40  Starport  
  62  4:42  Refinery  
  62  4:45  Terran Infantry Weapons Level 1  
  62  4:50  SCV x2  
  62  4:52  Siege Tank  
  67  4:54  Marine x2  
  67  4:55  Marine  
  67  4:58  Marine x2  
  72  5:02  Supply Depot  
  72  5:04  SCV x2  
  74  5:09  Supply Depot  
  74  5:14  Marine x2  
  74  5:16  Marine x2, Starport Reactor  
  78  5:23  Marine  
  78  5:24  Supply Depot  
  78  5:27  Siege Tank  
  84  5:32  Supply Depot  
  84  5:33  Combat Shield  
  84  5:35  Marine x3, Marauder  
  87  5:41  Marine, Supply Depot  
  88  5:48  SCV x2  
  87  5:52  Marine x2  
  87  5:53  Marine  
  87  5:56  Medivac, Marauder  
  87  5:57  Medivac  
  91  5:58  Marine  
  91  6:00  Supply Depot  
  92  6:08  Siege Tank  
  92  6:11  Supply Depot  
  95  6:13  Marine x3  
  95  6:16  Marine  
  95  6:18  Marauder  
  101  6:23  Supply Depot  
  101  6:26  Medivac  
  101  6:31  Marine x3  
  106  6:33  Medivac  
  106  6:34  Marine  
  106  6:39  Marine  
  105  6:49  Marine x3  
  105  6:52  Marine  
  109  6:56  Siege Tank  
  109  6:57  Marauder  
  112  7:05  SCV x2  
  112  7:06  Marine x2  
  112  7:07  Marine  
  113  7:10  Marine  
  89  7:18  Marine  
  73  7:24  Marine x3  
  73  7:28  Marine  
  64  7:36  Marine  
  53  7:38  Siege Tank  
  53  7:41  SCV  
  53  7:42  Marine x3  
  60  7:44  Medivac  
  60  7:45  Marine  
  60  7:50  SCV  
  64  7:54  Marine  
  64  7:57  Medivac  
  67  8:00  Marine x3  
  67  8:01  SCV  
  67  8:02  SCV  
  67  8:03  Marine  
  73  8:11  Marine  
  74  8:14  SCV x2  
  74  8:16  Medivac  
  74  8:18  Marine x2  
  80  8:25  Widow Mine  
  80  8:26  SCV x2, Widow Mine  
  86  8:29  Marauder  
  86  8:30  Marauder  
  90  8:36  Marine x2  
  90  8:38  SCV x2  
  96  8:48  Widow Mine  
  96  8:49  Widow Mine  
  96  8:51  Marauder x2  
  96  8:53  Marine x2  
  96  8:54  SCV x2  
  106  8:57  Medivac  
  108  9:09  SCV x2  
  110  9:11  Marine x2, Widow Mine x2  
  110  9:12  Marauder x2  
  120  9:29  Marine x2  
  122  9:33  Widow Mine x2  
  122  9:34  Marauder x2  
  123  9:54  Widow Mine x2  
  127  10:05  Marine, Marauder x2  
Show
View Real Time Build Order
Export as new Build Order

Hurricane Protoss - Winner!

Build Orders: 1 Gate Expand, Oracle Opening, Blink Stalkers, Chargelot Immortal 

Get SALT Encoding   

  12  0:00  Probe  
  13  0:12  Probe  
  14  0:17  Pylon  
  14  0:24  Probe (Chrono Boost)  
  15  0:36  Gateway  
  15  0:37  Probe (Chrono Boost)  
  16  0:43  Probe (Chrono Boost)  
  16  0:45  Assimilator  
  17  0:51  Probe  
  18  1:03  Probe  
  19  1:15  Probe  
  20  1:22  Cybernetics Core  
  20  1:30  Nexus  
  20  1:37  Pylon  
  20  1:40  Probe  
  20  1:44  Assimilator  
  21  1:52  Probe  
  22  1:56  Adept (Chrono Boost)  
  22  1:59  Warp Gate  
  24  2:04  Probe  
  25  2:16  Probe  
  25  2:17  Sentry (Chrono Boost)  
  28  2:29  Probe  
  29  2:32  Oracle  
  29  2:39  Stalker  
  29  2:42  Twilight Council  
  32  2:45  Probe (Chrono Boost)  
  32  2:47  Probe (Chrono Boost)  
  33  2:56  Probe (Chrono Boost)  
  33  2:58  Probe (Chrono Boost)  
  35  3:01  Probe (Chrono Boost)  
  36  3:06  Probe  
  36  3:08  Gateway  
  36  3:10  Robotics Facility  
  37  3:14  Probe  
  37  3:18  Probe  
  39  3:26  Probe  
  40  3:27  Pylon  
  40  3:29  Blink (Chrono Boost)  
  40  3:36  Probe, Pylon  
  40  3:41  Probe  
  42  3:42  Gateway  
  42  3:47  Stalker  
  44  3:50  Probe  
  44  3:53  Probe  
  46  3:56  Immortal (Chrono Boost)  
  50  4:03  Probe  
  50  4:05  Probe  
  52  4:15  Probe, Pylon  
  53  4:22  Nexus  
  53  4:25  Probe  
  53  4:27  Probe  
  53  4:28  Observer  
  56  4:34  Assimilator  
  56  4:36  Assimilator  
  56  4:39  Sentry, Stalker  
  56  4:42  Probe x2  
  56  4:44  Stalker  
  64  4:48  Pylon  
  64  4:57  Probe x2  
  64  4:58  Immortal (Chrono Boost)  
  66  5:04  Pylon  
  70  5:10  Probe x2  
  70  5:13  Stalker x2  
  76  5:19  Stalker  
  76  5:20  Observer  
  78  5:25  Probe, Charge (Chrono Boost)  
  79  5:37  Gateway  
  79  5:38  Gateway  
  79  5:40  Gateway  
  79  5:48  Observer  
  77  5:51  Stalker x2  
  77  5:58  Immortal (Chrono Boost), Stalker  
  83  6:09  Templar Archives  
  83  6:10  Gateway  
  83  6:14  Gateway  
  83  6:16  Zealot x2  
  86  6:21  Probe x2  
  86  6:23  Pylon  
  86  6:24  Probe  
  89  6:30  Immortal  
  93  6:34  Pylon  
  93  6:46  Zealot x2  
  93  6:47  Zealot x2  
  101  6:48  High Templar x2  
  101  6:53  Archon  
  103  7:11  Zealot  
  103  7:12  Zealot x5  
  99  7:16  Zealot  
  99  7:21  Zealot  
  75  7:31  Stalker x2  
  75  7:32  Zealot x3, Stalker  
  75  7:35  Warp Prism (Chrono Boost)  
  75  7:36  Zealot  
  83  7:38  Psionic Storm  
  85  7:50  High Templar  
  85  7:52  High Templar  
  85  7:56  Zealot x3  
  85  7:57  Zealot  
  95  8:00  Sentry  
  95  8:04  Observer (Chrono Boost)  
  98  8:11  Sentry  
  100  8:16  Pylon  
  100  8:17  Pylon, Zealot x3  
  106  8:20  Immortal  
  110  8:28  Pylon  
  110  8:30  Pylon  
  110  8:34  Stalker x3  
  110  8:37  Zealot  
  118  8:43  Zealot x2  
  122  8:52  Zealot x3  
  122  8:54  Observer  
  128  8:57  Forge  
  128  9:03  High Templar x2  
  132  9:10  Zealot x3  
  132  9:11  Pylon  
  138  9:18  Zealot x3  
  144  9:24  Pylon  
  133  9:40  Zealot x3  
  135  9:48  Pylon  
  135  9:51  Pylon  
  113  10:09  Zealot x2, Stalker  
  113  10:10  Stalker x2  
  103  10:16  Zealot x3  

Tags
 
Add a new tag
Caveats
  • Supply blocks, unpowered buildings, or Contaminate may cause inaccurate times.
  • Supply counts are checked every 10 seconds.